 Dungeon Crawl Stone Soup version 0.29.1-15-g9cfb28693d (webtiles) character file.

Game seed: 4947417713620405658

65030 raph the Frost Mage (level 14, -12/108 HPs)
             Began as a Yellow Draconian Ice Elementalist on Feb 22, 2023.
             Was a High Priest of Hepliaklqana.
             Killed by divine providence
             ... invoked by Saint Roka
              (13 damage)
             ... on level 2 of the Orcish Mines.
             The game lasted 00:45:56 (26050 turns).

raph the Frost Mage (DrIE)                         Turns: 26050, Time: 00:45:56

Health: -12/108    AC: 25    Str: 17    XL:     14   Next: 74%
Magic:  8/35       EV: 15    Int: 20    God:    Hepliaklqana [*****.]
Gold:   1253       SH:  5    Dex: 13    Spells: 7/30 levels left

rFire   + + .      SeeInvis +   a - +5 whip (pain)
rCold   + . .      Faith    .   E - +0 buckler
rNeg    . . .      Spirit   .   (body armour unavailable)
rPois   +          Reflect  .   Q - +2 hat {SInv}
rElec   .          Harm     .   R - +1 cloak
rCorr   +          Rampage  +   m - +1 pair of gloves {Str+3}
Will    +....                   j - +1 pair of boots "Necsah" {Rampage +Blink MP+9 Str-2}
Stlth   +++.......              D - amulet of the acrobat
HPRegen 0.28/turn               l - ring of protection from cold
MPRegen 0.24/turn               w - ring "Zetz" {*Slow rPois rF++ rCorr Str+6}

@: ice-armoured, freezing walls
A: reduced essence, spit acid, AC +8, unfitting armour, acidic bite,
cold-blooded, acid resistance
a: Breathe Acid, Renounce Religion, Evoke Blink, Recall Ancestor, Ancestor
Identity, Transference, Idealise


You were on level 2 of the Orcish Mines.
You worshipped Hepliaklqana.
Hepliaklqana was extremely pleased with you.
You visited 3 branches of the dungeon, and saw 18 of its levels.
You also visited: Ossuary and Ice Cave.

You collected 1715 gold pieces.
You spent 462 gold pieces at shops.

Inventory:

Hand Weapons
 a - a +5 whip of pain (weapon)
 b - a +1 vorpal flail
Missiles
 s - 59 poisoned darts
 O - 5 curare-tipped darts
Armour
 j - the +1 pair of boots "Necsah" (worn) {Rampage +Blink MP+9 Str-2}
   (You bought it in a shop on level 4 of the Dungeon)

   Str:       It affects your strength (-2).
   MP:        It affects your magic capacity (+9).
   +Blink:    It lets you blink.
   Rampage:   It bestows one free step when moving towards enemies.
 m - a +1 pair of gloves of strength (worn)
 E - a +0 buckler (worn)
 Q - a +2 hat of see invisible (worn)
 R - a +1 cloak (worn)
Magical Staves
 F - a staff of conjuration
Jewellery
 g - a ring of positive energy
 l - a ring of protection from cold (left hand)
 w - the ring "Zetz" (right hand) {*Slow rPois rF++ rCorr Str+6}
   (You found it on level 5 of the Dungeon)

   [ring of strength]

   Str:       It affects your strength (+6).
   rF:        It greatly protects you from fire.
   rPois:     It protects you from poison.
   rCorr:     It protects you from acid and corrosion.
   *Slow:     It may slow you when you take damage.
 B - a ring of protection from fire
 D - an amulet of the acrobat (around neck)
 H - an amulet of magic regeneration
 P - a ring of protection from cold
 S - a ring of magical power
Wands
 n - a wand of flame (37)
 o - a wand of acid (3)
 p - a wand of polymorph (11)
 v - a wand of paralysis (11)
 y - a wand of iceblast (15)
 z - a wand of mindburst (34)
Scrolls
 c - a scroll of blinking
 i - 4 scrolls of magic mapping
 q - 6 scrolls of teleportation
 G - 4 scrolls of silence
 J - 2 scrolls of poison
 L - 3 scrolls of amnesia
 T - a scroll of butterflies
 U - 3 scrolls of identify
Potions
 d - 3 potions of flight
 e - 14 potions of curing
 f - 2 potions of resistance
 h - 5 potions of heal wounds
 k - 2 potions of cancellation
 r - 2 potions of haste
 t - 4 potions of ambrosia
 u - a potion of berserk rage
 x - a potion of lignification
 A - 2 potions of might
 C - 2 potions of brilliance
 I - a potion of invisibility
 K - 5 potions of mutation
 M - a potion of magic
 N - 3 potions of attraction


   Skills:
 + Level 10.1 Fighting
 * Level 10.0 Maces & Flails
 - Level 3.7 Polearms
 + Level 8.8 Dodging
 - Level 5.0 Stealth
 - Level 4.6 Shields
 + Level 8.8 Spellcasting
 + Level 4.6 Conjurations
 * Level 10.1 Necromancy
 - Level 12.8 Ice Magic
 + Level 6.1 Invocations


You had 7 spell levels left.
You knew the following spells:

 Your Spells              Type           Power      Damage    Failure   Level
a - Freeze                Ice            100%       1d11      1%          1
b - Frozen Ramparts       Ice            100%       1d16      1%          3
c - Ozocubu's Armour      Ice            57%        N/A       1%          3
d - Hailstorm             Conj/Ice       43%        3d10      2%          4
e - Vampiric Draining     Necr           49%        2d9       1%          3
f - Fulminant Prism       Conj/Hex       9%         3d7       36%         4
g - Agony                 Necr           49%        N/A       4%          5

Your spell library contained the following spells:

 Spells                   Type           Power      Damage    Failure   Level
 Magic Dart               Conj           100%       1d8       1%          1
 Necrotise                Necr           100%       1d9       1%          1
 Searing Ray              Conj           54%        2d6       2%          2
 Sting                    Tmut/Pois      32%        1d4       10%         1
 Summon Small Mammal      Summ           32%        N/A       10%         1
 Conjure Flame            Conj/Fire      18%        6-21      12%         3
 Poisonous Vapours        Pois/Air       16%        N/A       16%         2
 Call Canine Familiar     Summ           8%         N/A       30%         3
 Ignite Poison            Fire/Tmut/Pois 8%         N/A       30%         3
 Summon Guardian Golem    Hex/Summ       8%         N/A       30%         3
 Sticky Flame             Conj/Fire      18%        2d4       36%         4
 Olgreb's Toxic Radiance  Pois           8%         N/A       69%         4


Dungeon Overview and Level Annotations

Branches:
Dungeon (11/15)            Temple (0/1) D:6            Lair (5/5) D:10
 Shoals (0/4) Lair:2       Spider (0/4) Lair:2        Slime (0/5) Lair:5
    Orc (2/2) D:11            Elf (0/3) Orc:2       Ossuary (visited)
  IceCv (visited)

Altars:
Dithmenos
Elyvilon
Gozag
Hepliaklqana
Kikubaaqudgha
Makhleb
Okawaru
Sif Muna
Wu Jian
Xom

Shops:
D:1 (=*[(   D:4 *   Orc:1 *

Annotations:
Lair:1 2 runed translucent doors, raph's ghost, novice MfIE
Lair:5 1 runed translucent door
Orc:2 Rupert; Saint Roka


Innate Abilities, Weirdness & Mutations

Your life essence is reduced to manifest your ancestor. (-10% HP)
You can spit globs of acid.
Your golden yellow scales are hard. (AC +8)
You cannot fit into any form of body armour.
You have acidic saliva.
You are cold-blooded and may be slowed by cold attacks.
You are resistant to acid. (rCorr)


Message History

Press: ? - help, Shift-Dir - straight line, f/p - Rupert
Aim: Rupert, wielding a +3 executioner's axe of flaming and wearing a +0 leather armour (lightly wounded, berserk, ally target, chance to affect: 54%) Rupert resists with significant effort.
The wall freezes Rupert.
Rupert barely misses you.
The wall freezes Saint Roka but does no damage.
Saint Roka drinks a potion.
Saint Roka seems to grow stronger.
Xiuhtonal hits Saint Roka with a +0 flail!
The wall freezes the orc warrior but does no damage.
The orc warrior barely misses you.
Something hits Xiuhtonal but does no damage.
The wall freezes Rupert.
You block Rupert's attack.
Casting: Agony (dangerous; 4% risk of failure)
Confirm with . or Enter, or press ? or * to list all spells.
Aiming: Agony (dangerous; 4% risk of failure)
Press: ? - help, Shift-Dir - straight line, f/p - Rupert
Aim: Rupert, wielding a +3 executioner's axe of flaming and wearing a +0 leather armour (lightly wounded, berserk, ally target, chance to affect: 54%) Rupert convulses!
The wall freezes Saint Roka!
Xiuhtonal blocks Saint Roka's attack.
Xiuhtonal hits Saint Roka but does no damage.
The wall freezes the orc warrior but does no damage.
The orc warrior hits you from afar with a +0 glaive!
Xiuhtonal blocks something's attack.
The wall freezes Rupert.
Rupert hits you with a +3 executioner's axe of flaming!!!
You hear a shout!
The heat melts your icy armour.
Casting: Agony (dangerous; 4% risk of failure)
Confirm with . or Enter, or press ? or * to list all spells.
Aiming: Vampiric Draining (safe; 1% risk of failure)
Press: ? - help, Shift-Dir - straight line, f/p - Rupert
Aim: Rupert, wielding a +3 executioner's axe of flaming and wearing a +0 leather armour (heavily wounded, berserk)
You draw life force from Rupert!
You feel life coursing into your body!
The wall freezes Rupert.
Rupert hits you with a +3 executioner's axe of flaming!!!
* * * LOW HITPOINT WARNING * * *
Rupert burns you.
* * * LOW HITPOINT WARNING * * *
The wall freezes Saint Roka!
Saint Roka calls down the wrath of Beogh upon you.
Beogh smites you!
You die...

,***,,,,,,,,,,,**,,,##....###....
**,,,,,,,...,,**,,,,,##..###.....
,,,,,,,,,...,,*,,,,,,,#.#........
,,,,,,,,,....,*,,,8_,∩#......##.#
,,,,,,,,,.....+,,,,,,,#.#..######
,,,,,,,,,.....#*,,,,,##....#####.
,,,,,,,,,.....o#*,,,##..#.#......
,,,,,,,,,o.....@#####.......#####
,,,,,,,,,......#@)........#.#.).'
,,,,,,,,,.....oR))......###.#8[.#
,,,,,,,,,....)........### #.#.).#
,,,,,,,,,...).......##.####.#####
,,,,,,,,,...........#....##......
,,,,,,,,,..................######
,,,,,,,,,....................#*
,,,,,,,,,................#....#
,,,,,,,,,...........#.######.##


You could see the friendly Xiuhtonal the knight, Saint Roka (strong, ally
target), Rupert (berserk), an orc warrior (strong) and an orc (strong).

Vanquished Creatures
  Gastronok (D:10)
  4 hydras
  3 catoblepae (Lair:5)
  Erolcha (Orc:2)
  A centaur warrior (D:10)
  2 two-headed ogres (D:11)
  13 death yaks
  Urug (D:10)
  Sonja (D:10)
  2 orc knights (Orc:1)
  An orc sorcerer (Orc:2)
  An ugly thing (D:11)
  A wolf spider (Lair:2)
  3 oklob plants
  2 manticores (Lair:5)
  6 elephants
  Joseph (D:8)
  A merfolk siren (Lair:2)
  4 black mambas
  12 cane toads
  2 komodo dragons (Lair:4)
  2 rime drakes (Lair:5)
  A freezing wraith (D:11)
  4 trolls
  A hornet (D:5)
  6 blink frogs
  2 jumping spiders (Lair:2)
  A vampire (D:9)
  Sigmund (D:3)
  33 yaks
  A wyvern (D:10)
  A redback (Lair:2)
  A vampire mosquito (D:11)
  A death yak simulacrum (IceCv)
  Edmund (D:6)
  4 wargs (Orc:2)
  7 water moccasins
  Duvessa (D:5)
  A sky beast (D:8)
  4 black bears
  12 orc warriors
  An ogre (Orc:2)
  15 wolves
  5 centaurs
  2 kobold brigands
  11 bullfrogs
  2 gnoll sergeants
  3 scorpions
  Dowan (D:5)
  A wight (D:9)
  4 killer bees (D:7)
  A vampire bat (D:10)
  2 howler monkeys (D:10)
  3 electric eels
  2 hounds (D:5)
  11 orc priests
  A jelly (D:5)
  Jessica (D:3)
  4 iguanas (D:5)
  12 orc wizards
  Ijyb (D:5)
  2 wolf simulacra (IceCv)
  Robin (D:2)
  8 gnolls
  5 adders
  2 shadow imps
  3 white imps
  An adder zombie (Ossuary)
  5 worms
  A dart slug (D:2)
  36 orcs
  11 bats
  7 endoplasms
  2 giant cockroaches
  9 hobgoblins
  3 jackals (D:3)
  6 quokkas
  8 ball pythons
  6 frilled lizards
  A gnoll zombie (Ossuary)
  18 goblins
  26 kobolds
  2 kobold zombies (Ossuary)
  An orc zombie (Ossuary)
  9 rats
404 creatures vanquished.

Vanquished Creatures (collateral kills)
  2 hydras
  An alligator (Lair:5)
  A catoblepas (Lair:4)
  A death yak (Lair:5)
  A manticore (Lair:5)
  2 oklob plants (Lair:4)
  A cyclops (D:11)
  2 black mambas
  6 elephants
  2 torpor snails
  Maggie (D:6)
  7 cane toads
  4 rime drakes
  2 komodo dragons
  3 polar bears
  2 blink frogs (Lair:1)
  A dream sheep (Lair:4)
  A wyvern (Lair:5)
  A wraith (D:11)
  2 basilisks
  23 yaks
  A warg (Orc:2)
  A death yak simulacrum (IceCv)
  2 water moccasins
  An ice beast (D:6)
  2 black bears
  4 ogres
  5 orc warriors
  7 wolves
  2 centaurs
  2 kobold brigands
  9 bullfrogs
  3 water moccasin zombies (Ossuary)
  8 wights (D:9)
  An elephant simulacrum (IceCv)
  A killer bee (D:7)
  2 howler monkeys (D:9)
  A jelly (D:6)
  An orc priest (D:8)
  5 orc wizards
  4 hell rats (Lair:5)
  2 mummies (Ossuary)
  4 gnolls (D:8)
  An adder (D:5)
  2 ufetubi (IceCv)
  3 adder zombies (Ossuary)
  19 orcs
  3 gnoll zombies (Ossuary)
  A goblin (D:9)
  4 kobolds
  3 hobgoblin zombies (Ossuary)
  2 kobold zombies (Ossuary)
  4 orc zombies (Ossuary)
176 creatures vanquished.

Vanquished Creatures (others)
  10 knights
  An ancestor (D:5)
  24 fungi
  38 plants
73 creatures vanquished.

Grand Total: 653 creatures vanquished

Notes
Turn   | Place    | Note
-------+----------+-------------------------------------------
     0 | D:1      | raph the Draconian Ice Elementalist began the quest for the
                  | Orb.
     0 | D:1      | Reached XP level 1. HP: 14/14 MP: 3/3
   288 | D:1      | Reached XP level 2. HP: 11/20 MP: 0/5
   499 | D:1      | Found Nirove Xuig's Antique Weapon Boutique.
   583 | D:1      | Found Womuather's Armour Shoppe.
   685 | D:1      | Found Atyut's General Store.
   689 | D:1      | Bought a scroll of identify for 28 gold pieces
   769 | D:1      | Found Gouwk's Jewellery Shop.
   934 | D:1      | Found Naen's Antique Weapon Shop.
  1300 | D:2      | Reached skill level 5 in Ice Magic
  1318 | D:2      | Reached XP level 3. HP: 24/26 MP: 2/6
  1394 | D:2      | Learned a level 3 spell: Frozen Ramparts
  1864 | D:2      | Reached XP level 4. HP: 31/33 MP: 3/7
  2238 | D:2      | Identified the +2 robe of Grace {+Blink rN+ Will++ rCorr}
  2315 | D:3      | Noticed Robin
  2876 | D:2      | Killed Robin
  3147 | D:2      | Learned a level 3 spell: Ozocubu's Armour
  3172 | D:3      | Found a hazy altar of Hepliaklqana.
  3179 | D:3      | Reached skill level 6 in Ice Magic
  3222 | D:3      | Reached XP level 5. HP: 34/39 MP: 2/8
  3225 | D:3      | Reached skill level 1 in Fighting
  3534 | D:3      | Noticed Sigmund
  3543 | D:3      | Killed Sigmund
  3544 | D:3      | Reached XP level 6. HP: 48/48 MP: 2/10
  3623 | D:3      | Found a shadowy altar of Dithmenos.
  3749 | D:3      | Noticed an eye of devastation
  3751 | D:3      | Found a faded altar of an unknown god.
  3752 | D:3      | Noticed a golden eye
  3752 | D:3      | Noticed a great orb of eyes
  3752 | D:3      | Noticed a floating eye
  3754 | D:3      | Noticed Jessica
  3761 | D:3      | Killed Jessica
  4194 | D:3      | Became a worshipper of Hepliaklqana the Forgotten
  4236 | D:4      | Found Ocemo's CLEARANCE SALE!.
  4284 | D:4      | Found a shimmering blue altar of Sif Muna.
  4315 | D:4      | Reached skill level 7 in Ice Magic
  4326 | D:4      | Your scales start taking on a golden yellow colour.
  4326 | D:4      | Reached XP level 7. HP: 19/56 MP: 3/11
  4326 | D:4      | Gained mutation: You are resistant to acid. (rCorr) [Yellow
                  | Draconian growth]
  4841 | D:4      | Found a white marble altar of Elyvilon.
  5284 | D:4      | Bought the +1 pair of boots "Necsah" {Rampage +Blink MP+9
                  | Str-2} for 152 gold pieces
  5434 | D:4      | Found an opulent altar of Gozag.
  5813 | D:5      | Entered Level 5 of the Dungeon
  5890 | D:5      | Noticed a hornet
  5896 | D:5      | Killed a hornet
  5928 | D:5      | Reached XP level 8. HP: 46/66 MP: 7/13
  5980 | D:5      | Identified the ring "Zetz" {*Slow rPois rF++ rCorr Str+6}
  6030 | D:5      | Reached skill level 8 in Ice Magic
  6068 | D:5      | Reached * piety under Hepliaklqana
  6144 | D:5      | Noticed Duvessa
  6159 | D:5      | Killed Duvessa
  6170 | D:5      | Noticed Dowan
  6199 | D:5      | Killed Dowan
  6516 | D:5      | Learned a level 4 spell: Hailstorm
  6677 | D:5      | Noticed Ijyb
  6685 | D:5      | Killed Ijyb
  7319 | D:6      | Found a staircase to the Ecumenical Temple.
  7332 | D:6      | Reached skill level 9 in Ice Magic
  7340 | D:6      | Reached skill level 5 in Fighting
  7540 | D:6      | Reached ** piety under Hepliaklqana
  7544 | D:6      | Remembered your ancestor Xiuhtonal as a knight
  7622 | D:6      | Noticed Edmund
  7631 | D:6      | Killed Edmund
  7632 | D:6      | Reached XP level 9. HP: 52/66 MP: 16/16
  7636 | D:6      | Learned a level 3 spell: Vampiric Draining
  7737 | D:6      | Found a burning altar of Makhleb.
  7945 | D:6      | Reached skill level 1 in Polearms
  7945 | D:6      | Reached skill level 5 in Spellcasting
  7949 | D:6      | Reached skill level 1 in Necromancy
  7951 | D:6      | Noticed Maggie
  7959 | D:6      | Killed Maggie
  7960 | D:6      | Reached skill level 5 in Dodging
  8167 | D:7      | Found an ancient bone altar of Kikubaaqudgha.
  8541 | D:7      | You fall into a shaft and drop 1 floor!
  8586 | D:8      | Reached skill level 1 in Shields
  8586 | D:8      | Reached skill level 10 in Ice Magic
  8608 | D:8      | Reached XP level 10. HP: 63/74 MP: 18/18
  8627 | D:8      | Found a sand-covered staircase.
  8636 | Ossuary  | Entered an ossuary
  9041 | D:8      | Found an ornate altar of the Wu Jian Council.
  9202 | D:8      | Reached *** piety under Hepliaklqana
  9253 | D:8      | Noticed Joseph
  9279 | D:8      | Killed Joseph
 10746 | D:9      | Reached skill level 1 in Maces & Flails
 11296 | D:10     | Entered Level 10 of the Dungeon
 11338 | D:10     | Noticed Gastronok
 11360 | D:10     | Killed Gastronok
 11449 | D:10     | Noticed a centaur warrior
 11471 | D:10     | Killed a centaur warrior
 11472 | D:10     | Reached XP level 11. HP: 60/81 MP: 9/20
 11730 | D:10     | Noticed Urug
 11973 | D:1      | Bought a +1 cloak for 138 gold pieces
 12048 | D:4      | Bought a potion of mutation for 32 gold pieces
 12106 | D:1      | Bought a potion of ambrosia for 112 gold pieces
 12364 | D:10     | Noticed Sonja
 12385 | D:10     | Killed Sonja
 12386 | D:10     | Reached skill level 11 in Ice Magic
 12398 | D:10     | Found a staircase to the Lair.
 12398 | D:10     | Reached **** piety under Hepliaklqana
 12398 | D:10     | Noticed an oklob plant
 12454 | D:10     | Found Bitets's Armour Emporium.
 12525 | D:10     | Found an iron altar of Okawaru.
 12686 | D:10     | Killed Urug
 12867 | D:10     | Found a shimmering altar of Xom.
 13081 | D:10     | Killed an oklob plant
 13086 | Lair:1   | Entered Level 1 of the Lair of Beasts
 13966 | Lair:1   | Reached skill level 5 in Necromancy
 14057 | Lair:1   | Reached skill level 5 in Maces & Flails
 14358 | Lair:1   | Reached XP level 12. HP: 88/90 MP: 22/22
 14481 | Lair:1   | Found a large runed translucent door.
 14481 | Lair:1   | Found a large runed translucent door.
 14711 | Lair:1   | Noticed raph's ghost (novice MfIE)
 14971 | Lair:2   | Reached skill level 5 in Stealth
 15159 | Lair:2   | Reached skill level 1 in Invocations
 15305 | Lair:2   | Reached ***** piety under Hepliaklqana
 15444 | Lair:2   | Found a staircase to the Shoals.
 15670 | Lair:2   | Found a hole to the Spider Nest.
 16272 | Lair:3   | Noticed a six-headed hydra
 16280 | Lair:3   | Killed a six-headed hydra
 16466 | Lair:3   | Reached skill level 12 in Ice Magic
 16787 | Lair:3   | Found a shimmering altar of Xom.
 17029 | Lair:3   | Learned a level 4 spell: Fulminant Prism
 17309 | Lair:3   | Learned a level 5 spell: Agony
 17607 | Lair:4   | You fall into a shaft and drop 1 floor!
 17607 | Lair:5   | Entered Level 5 of the Lair of Beasts
 17607 | Lair:5   | Found a runed translucent door.
 17639 | Lair:5   | Reached XP level 13. HP: 58/97 MP: 24/24
 17829 | Lair:5   | Found a frozen archway.
 17848 | Lair:5   | Reached skill level 1 in Conjurations
 17896 | IceCv    | Entered an ice cave
 18489 | Lair:5   | Found a staircase to the Slime Pits.
 18547 | Lair:5   | Identified the +7 falchion of Honour {flame, Fly Int-5
                  | SInv}
 21012 | Lair:4   | Reached skill level 5 in Invocations
 21024 | Lair:4   | Gained mutation: You have acidic saliva. [Yellow Draconian
                  | growth]
 21024 | Lair:4   | Reached XP level 14. HP: 20/106 MP: 26/26
 24067 | D:11     | Reached skill level 10 in Fighting
 24159 | D:11     | Found a staircase to the Orcish Mines.
 24281 | Orc:1    | Entered Level 1 of the Orcish Mines
 24453 | Orc:2    | Entered Level 2 of the Orcish Mines
 24666 | Orc:2    | Noticed Erolcha
 24681 | Orc:2    | Killed Erolcha
 24770 | Orc:1    | Reached skill level 10 in Necromancy
 25489 | Orc:1    | Found Duirore's General Store.
 25492 | Orc:1    | Reached skill level 10 in Maces & Flails
 25624 | Orc:2    | Noticed Saint Roka
 26039 | Orc:2    | Noticed Rupert
 26050 | Orc:2    | HP: 1/108 [Rupert/+3 executioner's axe of flaming (5)]
 26050 | Orc:2    | Killed from afar by Saint Roka

Illustrated notes

Levels and vault maps discovered:
D:1:      minmay_arrival_checkered_box, layout_loops_ring, serial_shops,
          nicolae_shop_window_shopping, nicolae_shop_crystal, shop, shop,
          nicolae_diamond_shop, serial_bayou_crossing
D:2:      layout_loops_ring, minmay_heptomino_o4
D:3:      layout_loops_ring, mainiacjoe_overflow_paths, lemuel_crystal_altar,
          hellmonk_ecumenical_altar_watching_god, uniq_sigmund, uniq_robin,
          uniq_jessica
D:4:      layout_basic, kennysheep_mini_moat, kennysheep_little_box,
          mainiacjoe_overflow_cross_hatched, cheibrodos_sewer_entry_bend,
          nicolae_shop_clearance
D:5:      layout_basic, nrook_pool_corridor, minmay_chambers_of_fives,
          uniq_ijyb, uniq_duvessa
D:6:      layout_rooms, lemuel_coloured_pillars_altar,
          minmay_temple_entry_slanted, minmay_hedge_maze, uniq_maggie,
          uniq_edmund
D:7:      layout_cave_pools, kiku_gazebo_garden_becter,
          eino_small_chamber_without_monster
D:8:      layout_gridville, mainiacjoe_overflow_catwalk,
          nicolae_ossuary_entry_plus, uniq_joseph
D:9:      layout_small_grid, enter_bailey_3
D:10:     layout_loops_ring, mainiacjoe_overflow_alcove_2,
          okawaru_ov_weapons_minmay, dpeg_oklobed_lair, serial_shops, shop,
          roderic_batcave, minmay_holes, uniq_sonja, uniq_urug, uniq_gastronok
D:11:     layout_irregular_city, hiddenorc1_lemuel, grunt_decor_arrowhead,
          kennysheep_small_square
Lair:1:   layout_regular_city, ebering_ghost_disaster_area, beast_lair_carwin_2,
          grunt_megastairs_2, infiniplex_staircase_pool
Lair:2:   layout_misc_corridors, minmay_shoals_entry_lonely_mermaid,
          spider_nest_entry_funnel_web, grunt_megastairs_4
Lair:3:   layout_roguey, lemuel_centaur_altar, lemuel_fruit_tree,
          serial_bayou_shore_a
Lair:4:   minmay_lair_oklob_chamber, layout_hall_layers, st_stairs_5
Lair:5:   evilmike_catoblepas_cave, layout_long_grid, slime_entry_2,
          portal_ice_cave_entry_pillars_1, nicolae_lair_lakeside_cave,
          infiniplex_staircase_pool_2, grunt_megastairs_1
Orc:1:    layout_caves, serial_shops, nicolae_diamond_shop, sword_in_stone
Orc:2:    grunt_orc_community_town_hall, layout_caves,
          grunt_orc_community_big_house_1, grunt_orc_community_big_house_1,
          grunt_orc_community_house_3, grunt_orc_community_house_3,
          grunt_orc_community_house_1, grunt_orc_community_house_3,
          uniq_saint_roka, uniq_erolcha, uniq_rupert

Skill      XL: |  1  2  3  4  5  6  7  8  9 10 11 12 13 14 |
---------------+-------------------------------------------+-----
Ice Magic      | 5 6 7 9 10 11 12 | 12.8
Dodging        | 2 3 4 5 6 7 8 |  8.8
Fighting       | 2 3 5 6 7 8 9 10 | 10.1
Spellcasting   | 3 4 5 6 7 8 |  8.8
Polearms       | 3 |  3.7
Necromancy     | 2 4 5 7 9 10 | 10.1
Stealth        | 2 3 4 5 |  5.0
Shields        | 1 3 4 |  4.6
Maces & Flails | 2 5 7 8 10 | 10.0
Invocations    | 3 5 6 |  6.1
Conjurations   | 3 4 |  4.6

Action                   |  1- 3 |  4- 6 |  7- 9 | 10-12 | 13-15 || total
-------------------------+-------+-------+-------+-------+-------++-------
Melee: Short sword       |    55 |    13 |       |       |       ||    68
       Tailslap          |     6 |    13 |    21 |    74 |    74 ||   188
       Dagger            |       |    13 |       |       |       ||    13
       Trident           |       |    49 |   147 |    65 |       ||   261
       Punch             |       |     3 |     2 |       |       ||     5
       Unarmed           |       |       |     1 |       |       ||     1
       Whip              |       |       |       |   338 |   346 ||   684
       Flail             |       |       |       |    17 |    16 ||    33
       Bite              |       |       |       |       |    30 ||    30
 Cast: Freeze            |    41 |    10 |     2 |    10 |       ||    63
       Frozen Ramparts   |     1 |    22 |    27 |    47 |    54 ||   151
       Ozocubu's Armour  |       |     2 |    15 |    28 |    28 ||    73
       Hailstorm         |       |       |     1 |     7 |    23 ||    31
       Vampiric Draining |       |       |       |    10 |    22 ||    32
       Agony             |       |       |       |       |    10 ||    10
Invok: Ancestor Life: Kn |       |       |     1 |       |       ||     1
       Recall Ancestor   |       |       |     1 |     3 |       ||     4
       Idealise          |       |       |       |       |     2 ||     2
 Abil: Breathe Acid      |       |       |     1 |     2 |     5 ||     8
Evoke: Wand              |       |       |     1 |     4 |     3 ||     8
  Use: Scroll            |     1 |       |    11 |     9 |    12 ||    33
       Potion            |       |       |       |       |     2 ||     2
 Stab: Sleeping          |     2 |     1 |     6 |     5 |     6 ||    20
       Distracted        |       |       |     1 |     3 |     2 ||     6
Armor: Skin              |    22 |    28 |    70 |   224 |   153 ||   497
Dodge: Dodged            |    44 |    91 |   106 |   360 |   277 ||   878
Block: Buckler           |       |       |     2 |   113 |    86 ||   201
